Map: Frost LE

Players

ShookNasty

  • Race: Protoss Protoss
  • League: Diamond

monk - Winner!

  • Race: Terran Terran
  • League: Master

VOD

Have the link to the VOD?

Description

Time

  • Played on: Oct. 18, 2016, 7:39 a.m.
  • Length: 14:49
Show
View Real Time Build Order
Export as new Build Order

ShookNasty Protoss 

Build Orders: 1 Gate Expand 

Get SALT Encoding   

  12  0:00  Probe (Chrono Boost)  
  13  0:11  Probe (Chrono Boost)  
  14  0:18  Pylon  
  14  0:23  Probe (Chrono Boost)  
  15  0:36  Probe (Chrono Boost)  
  15  0:38  Gateway  
  16  0:47  Probe (Chrono Boost)  
  16  0:49  Assimilator  
  17  0:58  Probe (Chrono Boost)  
  18  1:08  Probe (Chrono Boost)  
  19  1:22  Nexus  
  19  1:35  Cybernetics Core  
  19  1:37  Probe (Chrono Boost)  
  20  1:45  Assimilator  
  20  1:51  Probe (Chrono Boost)  
  20  2:01  Probe (Chrono Boost)  
  21  2:12  Robotics Facility  
  21  2:14  Adept  
  23  2:30  Pylon  
  23  2:33  Warp Gate  
  23  2:34  Probe (Chrono Boost)  
  23  2:36  Probe (Chrono Boost)  
  25  2:44  Probe (Chrono Boost)  
  25  2:51  Probe (Chrono Boost)  
  27  2:55  Probe (Chrono Boost)  
  28  3:00  Observer  
  28  3:02  Stalker  
  28  3:04  Probe (Chrono Boost)  
  33  3:13  Twilight Council, Probe (Chrono Boost)  
  33  3:15  Probe (Chrono Boost)  
  34  3:23  Probe (Chrono Boost)  
  34  3:25  Probe (Chrono Boost)  
  36  3:34  Probe (Chrono Boost), Observer  
  38  3:36  Pylon  
  38  3:42  Gateway, Probe (Chrono Boost)  
  38  3:44  Probe (Chrono Boost)  
  38  3:47  Pylon  
  38  3:57  Mothership Core (Chrono Boost)  
  40  4:12  Probe (Chrono Boost)  
  40  4:16  Probe (Chrono Boost), Robotics Bay  
  41  4:23  Probe (Chrono Boost)  
  42  4:33  Probe (Chrono Boost)  
  42  4:34  Probe (Chrono Boost)  
  42  4:37  Assimilator  
  44  4:38  Warp Prism  
  44  4:42  Blink  
  44  4:44  Probe (Chrono Boost)  
  44  4:45  Probe (Chrono Boost)  
  48  4:52  Stalker  
  50  4:55  Probe (Chrono Boost)  
  50  4:56  Stalker  
  53  5:11  Probe (Chrono Boost)  
  53  5:12  Probe (Chrono Boost)  
  55  5:17  Disruptor  
  58  5:22  Pylon  
  58  5:24  Gateway  
  58  5:27  Gateway  
  58  5:29  Gateway  
  58  5:34  Assimilator  
  58  5:38  Stalker x2  
  62  5:53  Pylon  
  62  5:54  Probe x2 (Chrono Boost)  
  62  5:56  Pylon  
  64  6:09  Stalker  
  64  6:11  Stalker  
  67  6:24  Probe (Chrono Boost)  
  67  6:25  Probe (Chrono Boost)  
  69  6:37  Nexus  
  69  6:41  Stalker x2  
  73  6:59  Probe x2 (Chrono Boost)  
  75  7:02  Pylon  
  75  7:05  Disruptor  
  75  7:06  Pylon  
  78  7:09  Probe (Chrono Boost)  
  78  7:10  Probe (Chrono Boost)  
  78  7:13  Gateway  
  78  7:15  Gateway  
  80  7:17  Gateway  
  80  7:18  Gateway  
  80  7:20  Probe (Chrono Boost)  
  80  7:21  Pylon  
  81  7:23  Stalker x2  
  81  7:24  Stalker x2  
  81  7:53  Stalker  
  81  7:54  Stalker x3  
  83  8:07  Stalker  
  67  8:20  Stalker x2  
  67  8:21  Stalker x2  
  65  8:29  Probe x2 (Chrono Boost), Stalker  
  65  8:30  Stalker x4  
  77  8:36  Probe (Chrono Boost)  
  77  8:40  Probe x2 (Chrono Boost)  
  74  8:50  Probe x2 (Chrono Boost)  
  74  8:52  Stalker x5  
  74  8:53  Stalker x4  
  88  9:15  Probe x2 (Chrono Boost)  
  88  9:16  Probe (Chrono Boost)  
  90  9:20  Stalker x5  
  100  9:37  Probe x2 (Chrono Boost)  
  102  9:38  Disruptor  
  82  9:53  Stalker  
  82  9:54  Stalker x3  
  82  9:56  Stalker  
  90  10:04  Probe x3 (Chrono Boost)  
  90  10:06  Assimilator  
  93  10:07  Assimilator  
  93  10:14  Disruptor, Probe x2 (Chrono Boost)  
  93  10:17  Dark Shrine  
  98  10:26  Stalker  
  98  10:27  Stalker x3  
  96  10:47  Stalker x4  
  96  10:48  Stalker  
  86  10:58  Stalker x3  
  72  11:13  Probe x3 (Chrono Boost)  
  72  11:16  Stalker  
  72  11:17  Stalker x3  
  78  11:24  Probe x2 (Chrono Boost)  
  80  11:30  Warp Prism  
  82  11:34  Dark Templar x2  
  82  11:35  Dark Templar  
  88  11:44  Probe x3 (Chrono Boost)  
  88  11:46  Stalker  
  93  11:54  Probe (Chrono Boost)  
  91  12:26  Stalker x7  
  91  12:27  Stalker  
  107  12:30  Observer  
  102  13:03  Probe (Chrono Boost)  
  102  13:04  Pylon  
  101  13:06  Pylon  
  101  13:07  Pylon  
  97  13:16  Stalker x2  
  97  13:17  Stalker x2  
  98  14:03  Dark Templar x2  
  98  14:04  Dark Templar  
  102  14:15  Stalker x3  
  102  14:16  Stalker  
Show
View Real Time Build Order
Export as new Build Order

monk Terran - Winner!

Build Orders: Cyclone Opening, MMM Bio 

Get SALT Encoding   

  12  0:01  SCV  
  13  0:13  SCV  
  14  0:18  Supply Depot  
  14  0:25  SCV  
  15  0:33  Refinery  
  15  0:39  SCV  
  16  0:45  Barracks  
  16  0:51  SCV  
  17  1:03  SCV  
  18  1:16  SCV  
  19  1:32  Orbital Command  
  19  1:33  Marine  
  19  1:36  Factory  
  20  1:47  Supply Depot  
  20  1:51  Barracks Tech Lab  
  20  1:59  SCV  
  21  2:11  SCV  
  22  2:16  Command Center  
  22  2:34  SCV, Barracks  
  23  2:39  Cyclone  
  27  2:49  SCV, Barracks  
  27  2:54  Engineering Bay  
  27  2:58  Barracks Reactor  
  27  3:04  SCV  
  28  3:10  Widow Mine  
  30  3:16  SCV  
  30  3:19  Refinery  
  31  3:25  Barracks Tech Lab  
  31  3:28  SCV  
  31  3:33  Orbital Command  
  32  3:36  Marine x2  
  32  3:41  SCV  
  35  3:53  SCV  
  36  3:59  SCV  
  37  4:05  SCV  
  37  4:09  Marine x4  
  42  4:10  Combat Shields, Stimpack  
  42  4:11  SCV  
  42  4:16  Refinery  
  43  4:17  SCV  
  43  4:23  SCV, Supply Depot  
  45  4:27  Marine  
  45  4:28  Marine x2  
  45  4:29  SCV  
  45  4:38  SCV  
  45  4:41  Starport  
  45  4:42  Terran Infantry Weapons Level 1  
  45  4:45  Factory Reactor, SCV  
  47  4:50  SCV  
  47  4:51  Supply Depot  
  47  4:52  Marine x2  
  50  4:55  Marauder  
  50  4:57  SCV  
  53  5:01  Supply Depot  
  53  5:02  SCV  
  54  5:08  Missile Turret  
  54  5:12  Marine, SCV  
  54  5:13  Marine  
  57  5:17  SCV  
  57  5:20  Supply Depot  
  58  5:22  Marauder  
  58  5:24  SCV  
  61  5:32  Concussive Shells  
  61  5:34  SCV  
  62  5:37  Medivac, SCV  
  62  5:40  Medivac  
  67  5:45  Factory Reactor  
  67  5:46  SCV  
  67  5:49  SCV  
  69  6:00  SCV  
  69  6:02  Command Center  
  70  6:08  Missile Turret, Medivac  
  70  6:10  Refinery  
  72  6:23  Marauder x2, Marine x2  
  78  6:27  Supply Depot  
  76  6:33  SCV x2  
  78  6:42  Barracks  
  78  6:48  Widow Mine x2, Medivac, Marine x2, Barracks  
  69  6:55  Marine, Marauder  
  69  7:03  Medivac  
  69  7:06  Marine x2  
  73  7:12  Marine  
  73  7:13  Terran Infantry Armor Level 1  
  73  7:14  Supply Depot  
  74  7:16  Marine  
  74  7:18  Orbital Command  
  75  7:24  Marine x2  
  75  7:27  SCV  
  78  7:30  Supply Depot  
  78  7:31  Widow Mine, Marauder  
  78  7:34  Marine  
  82  7:42  Marine x2  
  76  7:45  Marine x2  
  78  7:52  Marine, Marauder  
  76  7:59  Marine x2  
  76  8:03  Marine x2  
  75  8:10  Marauder  
  75  8:11  SCV x3  
  70  8:13  Marauder  
  70  8:17  Marine x2  
  70  8:23  SCV x2  
  70  8:24  SCV  
  75  8:27  Orbital Command  
  75  8:31  Marauder  
  76  8:34  Barracks Tech Lab  
  76  8:35  Barracks Reactor, Marauder, SCV x2, Marine  
  80  8:44  Marine  
  80  8:47  SCV  
  80  8:48  SCV  
  81  8:53  Marauder, Marine  
  84  8:56  Marauder  
  84  8:58  SCV  
  84  9:00  Marauder, SCV x2  
  84  9:02  Marine  
  92  9:05  Widow Mine x2, Medivac x2  
  100  9:10  SCV  
  100  9:12  SCV  
  100  9:14  Armory  
  100  9:17  Engineering Bay  
  100  9:19  SCV  
  100  9:22  Refinery, SCV  
  100  9:24  Supply Depot  
  102  9:25  SCV  
  102  9:26  Supply Depot  
  103  9:35  Medivac x2  
  107  9:43  Widow Mine x2  
  105  9:47  Marauder  
  105  9:50  Marine x2, Marauder  
  105  9:52  Marine x2  
  101  9:53  Marauder  
  97  10:05  Medivac x2  
  101  10:07  Marine, SCV  
  101  10:08  Marauder, Marine, SCV x2  
  101  10:10  Refinery, Marine  
  101  10:11  Marauder  
  101  10:12  Widow Mine  
  115  10:14  Marauder  
  115  10:16  Starport  
  114  10:22  Terran Infantry Weapons Level 2, Terran Infantry Armor Level 2  
  114  10:26  Marine x2  
  101  10:30  Marauder, Marine x2  
  101  10:33  Marauder  
  100  10:38  Marauder  
  96  10:44  SCV  
  96  10:46  Marine x2  
  96  10:48  Marine x2  
  96  10:51  Marauder  
  96  10:53  SCV x2  
  96  10:54  Marine  
  95  10:58  Marine, SCV  
  92  11:04  Marine  
  92  11:05  SCV  
  92  11:06  SCV  
  92  11:11  SCV  
  95  11:12  Marauder  
  95  11:17  SCV  
  95  11:18  SCV  
  99  11:23  SCV  
  100  11:26  Liberator x2  
  100  11:27  Medivac x2  
  100  11:29  SCV  
  100  11:30  SCV  
  106  11:35  SCV  
  107  11:41  SCV  
  107  11:42  SCV  
  107  11:43  Liberator  
  107  11:45  Marauder  
  117  11:47  Liberator  
  117  11:48  Supply Depot  
  117  11:49  Supply Depot  
  117  11:51  Supply Depot  
  117  12:00  Marine x2  
  117  12:01  SCV x3  
  125  12:04  Marine  
  125  12:05  Marauder  
  125  12:13  SCV  
  126  12:17  Marauder x2, Marine  
  126  12:18  Marine x2  
  126  12:20  SCV  
  126  12:22  Marine, Supply Depot  
  135  12:23  Supply Depot  
  135  12:26  Marauder  
  137  12:30  Command Center  
  137  12:33  Orbital Command  
  137  12:35  Marine  
  138  12:38  Marauder x2  
  138  13:00  Liberator x2  
  138  13:01  SCV  
  138  13:02  SCV  
  140  13:08  Marine x4, Marauder  
  140  13:09  Missile Turret  
  140  13:11  Supply Depot  
  146  13:16  Marauder x2  
  152  13:25  Bunker  
  152  13:26  Marine x2  
  154  13:29  Marauder  
  154  13:32  Marine x2  
  158  13:37  Marauder x2  
  160  13:43  Marine  
  160  13:44  Marine  
  162  13:49  Marine  
  162  13:50  Marine  
  162  13:51  Marauder  
  164  13:58  Marauder  
  165  14:04  Marine x2  
  165  14:05  Marauder  
  165  14:07  Marine x2  
  169  14:12  Marauder  
  161  14:20  Marauder  
  161  14:22  Marine  
  151  14:25  Marine  
  151  14:26  Marine x2, Marauder  
Tags
 
Add a new tag
Caveats
  • Supply blocks, unpowered buildings, or Contaminate may cause inaccurate times.
  • Supply counts are checked every 10 seconds.